 Dungeon Crawl Stone Soup version 0.27-a0-1202-ge72e49191c (webtiles) character file.

Game seed: 2364956208250057734

7 polve the Skirmisher (level 1, -3/18 HPs)
             Began as a Demonspawn Abyssal Knight on June 4, 2021.
             Was an Initiate of Lugonu.
             Killed from afar by a dart slug (4 damage)
             ... with a slug dart
             ... on level 1 of the Dungeon.
             The game lasted 00:00:20 (497 turns).

polve the Skirmisher (Demonspawn Abyssal Knight)     Turns: 497, Time: 00:00:20

Health: -3/18      AC:  3    Str: 12    XL:     1   Next: 83%
Magic:  2/2        EV: 11    Int: 13    God:    Lugonu [......]
Gold:   31         SH:  0    Dex: 12    Spells: 0/0 levels left

rFire    . . .     SeeInvis .   a - +1 short sword
rCold    . . .     Faith    .   (no shield)
rNeg     . . .     Spirit   .   b - +0 leather armour
rPois    .         Reflect  .   (no helmet)
rElec    .         Harm     .   (no cloak)
rCorr    .         Rampage  .   (no gloves)
Will     .....                  (no boots)
Stlth    +.........             (no amulet)
HPRegen  0.06/turn              (no ring)
MPRegen  0.08/turn              (no ring)

@: no status effects
A: no striking features
a: Renounce Religion


You were on level 1 of the Dungeon.
You worshipped Lugonu.
Lugonu was noncommittal.
You visited 1 branch of the dungeon, and saw 1 of its levels.
You visited the Abyss 1 time.

You collected 31 gold pieces.

Inventory:

Hand Weapons
 a - a +1 short sword (weapon)
Armour
 b - a +0 leather armour (worn)
Scrolls
 d - 2 scrolls of identify {unknown}
Potions
 c - 2 potions of mutation {unknown}


   Skills:
 - Level 3.0 Fighting
 + Level 2.4 Short Blades
 - Level 1.7 Armour
 - Level 0.8 Dodging
 - Level 2.4 Invocations


You couldn't memorise any spells.
You didn't know any spells.
Your spell library was empty.

Dungeon Overview and Level Annotations

Branches:
Dungeon (1/15)

Altars:


Message History

You hit the bush but do no damage.
The bush is heavily damaged.
The dart slug launches a dart at you.
The slug dart hits you but does no damage.
You hit the bush but do no damage.
The bush is heavily damaged.
The dart slug bites the bush.
You hit the bush but do no damage.
The bush is heavily damaged.
You hit the bush but do no damage.
The bush is heavily damaged.
The dart slug bites the bush but does no damage.
You hit the bush but do no damage.
The bush is heavily damaged.
The dart slug bites the bush but does no damage.
You hit the bush.
The bush is heavily damaged.
You hit the bush but do no damage.
The bush is heavily damaged.
The dart slug launches a dart at you. The slug dart hits you.
* * * LOW HITPOINT WARNING * * *
You hit the bush but do no damage.
The bush is heavily damaged.
The dart slug bites the bush but does no damage.
You hit the bush but do no damage.
The bush is heavily damaged.
You hit the bush but do no damage.
The bush is heavily damaged.
The dart slug bites the bush.
You hit the bush but do no damage.
The bush is heavily damaged.
The dart slug bites the bush but does no damage.
You hit the bush but do no damage.
The bush is heavily damaged.
You hit the bush.
The bush is heavily damaged.
The dart slug launches a dart at you. The slug dart hits you.
You die...

##### ### ########...##
#.. #..... ..♣..# #..
#....P ♣♣...# #..
#...:. ♣P...# #..
#....)♣♣....#########..
+....PPP............'..
#...P♣...############..
PwP@.## ### P.P###
..... ♣.$... ♣.....
♣..... ♣.##.. ♣. #.♣


You could see a dart slug.

Vanquished Creatures
  A goblin (D:1)
  2 hobgoblins (D:1)
  2 bats (D:1)
  A rat (D:1)
6 creatures vanquished.

Notes
Turn   | Place    | Note
-------+----------+-------------------------------------------
     0 | Abyss:1  | polve the Demonspawn Abyssal Knight began the quest for the
                  | Orb.
     0 | Abyss:1  | Reached XP level 1. HP: 18/18 MP: 2/2
    72 | Abyss:1  | Noticed a chaos spawn
    73 | D:1      | Escaped the Abyss
   497 | D:1      | Killed from afar by a dart slug

Illustrated notes

Levels and vault maps discovered:
D:1:      onia_arrival_mini_maze, layout_basic, serial_forest,
          infiniplex_forest_clump_medium, infiniplex_forest_straight_2,
          infiniplex_forest_clump_medium, infiniplex_forest_split,
          infiniplex_forest_clump_diagonal, infiniplex_forest_corner_1,
          infiniplex_forest_clump_curved, infiniplex_forest_zigzag_1,
          minmay_tetromino_l2

Skill      XL: |  1 |
---------------+----+-----
Short Blades   | 2 |  2.4
Fighting       | |  3.0
Armour         | |  1.7
Dodging        | |  0.8
Invocations    | |  2.4

Action                   || total
-------------------------++-------
Melee: Short sword       ||    98
Invok: Depart the Abyss  ||     1
Armor: Leather armour    ||    13
Dodge: Dodged            ||    24

Table legend: (Time is in decaauts)
 A = Elapsed time spent in this place.
 B = Non-inter-level travel time spent in this place.
 C = Inter-level travel time spent in this place.
 D = Time resting spent in this place.
 E = Time spent auto-exploring this place.
 F = Levels seen in this place.
 G = Mean time per level.
                   A        B        C        D        E       F      G
               +--------+--------+--------+--------+--------+-----+--------+
         Total |    495 |    495 |      0 |      0 |    366 |   2 |  247.5 |
       Dungeon |    422 |    422 |      0 |      0 |    294 |   1 |  422.0 |
         Abyss |     73 |     73 |      0 |      0 |     72 |   1 |   73.0 |
               +--------+--------+--------+--------+--------+-----+--------+

Top non-repeatable levels by time:
     D:1: 422 daAuts
 Abyss:1: 73 daAuts
